[Event "December 5 Early 2023"]
[Site "https://www.chess.com"]
[Date "2023.12.05"]
[Round "6"]
[White "Wagner, Dennis"]
[Black "Vokhidov, Shamsiddin"]
[Result "1-0"]
[Board "22"]
[TimeControl "180+1"]
[WhiteFideId "24650684"]
[BlackFideId "14204223"]
[WhiteElo "2767"]
[BlackElo "2919"]
[WhiteTeam "GER"]
[BlackTeam "UZB"]
[WhiteClock "0:00:17"]
[BlackClock "0:01:40"]

1. d4 Nf6 2. c4 e6 3. Nc3 Bb4 4. e3 O-O 5. Bd3 Re8 6. Ne2 d5 7. cxd5 exd5 8. a3 Bd6 9. Nb5 Bf8 10. Qc2 Na6 11. b4 c6 12. Nbc3 Nc7 13. Bd2 g6 14. O-O a6 15. Rab1 Nb5 16. a4 Na3 17. Qb3 Nxb1 18. Rxb1 Ne4 19. Bxe4 dxe4 20. Ng3 Be6 21. Qc2 f5 22. Nge2 Bc4 23. Nf4 b5 24. Qb2 Bd6 25. Nfe2 a5 26. bxa5 b4 27. Na2 Bxe2 28. Bxb4 Bc4 29. Rc1 Bd5 30. Bxd6 Qxd6 31. Rc5 Reb8 32. Nb4 Rxa5 33. Rxa5 Qxb4 34. Qxb4 Rxb4 35. h4 Rb2 36. Ra7 h6 37. a5 Ra2 38. a6 Bc4 39. Ra8+ Kg7 40. a7 g5 41. hxg5 hxg5 42. Kh2 f4 43. Kh3 Be6+ 44. Kh2 Bd7 45. Kg1 Kf6 46. Rf8+ 1-0

[Event "December 5 Early 2023"]
[Site "https://www.chess.com"]
[Date "2023.12.05"]
[Round "6"]
[White "Wagh Suyog"]
[Black "Zhigalko, Sergei"]
[Result "1-0"]
[Board "23"]
[TimeControl "180+1"]
[WhiteFideId "25071688"]
[BlackFideId "13502956"]
[WhiteElo "2765"]
[BlackElo "2912"]
[WhiteTeam "IND"]
[BlackTeam "BLR"]
[WhiteClock "0:00:04"]
[BlackClock "0:00:00"]

1. e4 c5 2. Nf3 Nc6 3. Bb5 Nf6 4. e5 Nd5 5. Nc3 Nc7 6. Bc4 g6 7. d3 Bg7 8. Bf4 Ne6 9. Bg3 b6 10. Bd5 Bb7 11. O-O O-O 12. Re1 Qc7 13. a4 a6 14. Qd2 Rad8 15. Bc4 Nb4 16. Ne4 Bd5 17. Nf6+ exf6 18. exf6 Qb7 19. fxg7 Kxg7 20. Bxd5 Nxd5 21. h4 h6 22. Bd6 Rfe8 23. b3 Qc6 24. Be5+ Kh7 25. c4 Ne7 26. Nh2 Ng8 27. h5 d6 28. hxg6+ fxg6 29. Bc3 d5 30. Be5 dxc4 31. bxc4 Ng5 32. Qf4 Rf8 33. Qg3 Rd7 34. Re3 Rdf7 35. Rf1 Qxa4 36. Ba1 Qc6 37. Ng4 Qc7 38. Be5 Qc8 39. Bc3 Qf5 40. f4 Ne6 41. Re5 Nxf4 42. Kh2 Qd7 43. Re4 h5 44. Ne5 Qf5 45. Nxf7 Rxf7 46. Rexf4 Nh6 47. Rxf5 gxf5 48. Qb8 Ng4+ 49. Kg3 Rf8 50. Qxf8 f4+ 51. Rxf4 Ne5 52. Qf5+ 1-0

[Event "December 5 Early 2023"]
[Site "https://www.chess.com"]
[Date "2023.12.05"]
[Round "6"]
[White "Kovalev, Vladislav"]
[Black "Sokolovsky, Yahli"]
[Result "1-0"]
[Board "24"]
[TimeControl "180+1"]
[WhiteFideId "13504398"]
[BlackFideId "2820242"]
[WhiteElo "2910"]
[BlackElo "2763"]
[WhiteTeam "FID"]
[BlackTeam "ISR"]
[WhiteClock "0:00:06"]
[BlackClock "0:00:00"]

1. e4 d6 2. d4 g6 3. Be3 Bg7 4. Qd2 a6 5. f4 c5 6. Nf3 Bg4 7. Nc3 Bxf3 8. gxf3 cxd4 9. Bxd4 Bxd4 10. Qxd4 Nf6 11. Nd5 Nc6 12. Nxf6+ exf6 13. Qd2 Qa5 14. c3 d5 15. Qxd5 Qxd5 16. exd5 Ne7 17. O-O-O Kd7 18. c4 Kd6 19. b3 Kc5 20. Kb2 b5 21. d6 Nf5 22. d7 Rhd8 23. Rd5+ Kc6 24. Bd3 bxc4 25. Be4 Nd6 26. Rc1 Kxd7 27. Rxc4 Rac8 28. Ra4 Rc6 29. Rda5 Nxe4 30. fxe4 Ra8 31. Rd4+ Kc7 32. Rad5 Kb6 33. Rd7 Re8 34. Rxf7 Rce6 35. Kc3 Rxe4 36. Rxe4 Rxe4 37. Rxf6+ Kb5 38. a4+ Ka5 39. h4 Re3+ 40. Kc4 Re4+ 41. Kc5 h6 42. Rxg6 Rxf4 43. Rxh6 Rf5+ 44. Kc4 Rf4+ 45. Kc3 Rf3+ 46. Kc2 Rh3 47. Rh5+ Kb4 48. Rh6 Rh2+ 49. Kd3 a5 50. Rb6+ Ka3 51. Kc4 Rxh4+ 52. Kc5 Rf4 53. Rb5 Rf5+ 54. Kb6 Rf4 55. Kxa5 Rf3 56. b4 Rf6 57. Rd5 Rf3 58. b5 Rf4 59. b6 Rxa4+ 60. Kb5 Rb4+ 61. Kc6 Ka4 62. b7 Rb3 63. Kc7 Rc3+ 64. Kb6 Rb3+ 65. Ka7 Rb5 66. Rxb5 1-0

[Event "December 5 Early 2023"]
[Site "https://www.chess.com"]
[Date "2023.12.05"]
[Round "6"]
[White "Gabrielian, Artur"]
[Black "Vasquez Schroeder, Rodrigo"]
[Result "0-1"]
[Board "25"]
[TimeControl "180+1"]
[WhiteFideId "4131002"]
[BlackFideId "3400042"]
[WhiteElo "2744"]
[BlackElo "2908"]
[WhiteTeam "RUS"]
[BlackTeam "CHI"]
[WhiteClock "0:00:00"]
[BlackClock "0:00:05"]

1. e4 c5 2. Nf3 d6 3. d4 cxd4 4. Nxd4 Nf6 5. Nc3 a6 6. Bc4 e6 7. Be3 b5 8. Bb3 Be7 9. Qe2 O-O 10. f3 b4 11. Na4 Bd7 12. c3 bxc3 13. Nxc3 Nc6 14. O-O Qb8 15. Rfd1 Rc8 16. Rac1 Na5 17. g4 h6 18. h4 Nxb3 19. axb3 Nh7 20. Qf2 Qb7 21. Qg3 Rab8 22. g5 hxg5 23. hxg5 Nf8 24. Kf2 Ng6 25. Rh1 d5 26. Qh3 Bd6 27. Qh7+ Kf8 28. exd5 e5 29. Ne6+ Bxe6 30. dxe6 Qxb3 31. Ne4 Qxe6 32. Kg3 Bb4 33. Rcd1 Rd8 34. Rc1 Rbc8 35. Rhd1 Ne7 36. Qh8+ Ng8 37. Rxc8 Qxc8 38. Rc1 Qd7 39. g6 Qe6 40. gxf7 Qxf7 41. Ng5 Qg6 42. Rc7 Be7 43. Qh4 Nh6 44. Qe4 Nf5+ 45. Kf2 Bxg5 46. Bc5+ Kg8 47. Qc4+ Kh7 48. Ke2 Bh4 0-1

[Event "December 5 Early 2023"]
[Site "https://www.chess.com"]
[Date "2023.12.05"]
[Round "6"]
[White "Rakhmanov, Aleksandr"]
[Black "Sahakyan, Aleks"]
[Result "1-0"]
[Board "26"]
[TimeControl "180+1"]
[WhiteFideId "4173708"]
[BlackFideId "13316338"]
[WhiteElo "2902"]
[BlackElo "2731"]
[WhiteTeam "FID"]
[BlackTeam "ARM"]
[WhiteClock "0:00:12"]
[BlackClock "0:00:02"]

1. d4 Nf6 2. c4 c5 3. e3 cxd4 4. exd4 d5 5. Nc3 Nc6 6. Nf3 Be6 7. Bg5 Ne4 8. cxd5 Bxd5 9. Bb5 Nxg5 10. Nxg5 e6 11. Qh5 g6 12. Qg4 Be7 13. h4 O-O 14. Rd1 Bf6 15. Bxc6 bxc6 16. Rd2 h5 17. Qg3 Qb8 18. Nge4 Bg7 19. Qe3 e5 20. dxe5 Qxe5 21. O-O Rfe8 22. Nxd5 cxd5 23. Ng5 Qxe3 24. fxe3 Rxe3 25. Rxf7 Bh6 26. Rf6 Kg7 27. Rf7+ Kg8 28. Rf6 Kg7 29. Rc6 Bxg5 30. hxg5 Re5 31. Rc7+ Kg8 32. Rf2 Rxg5 33. Rff7 Rd8 34. Rxa7 d4 35. Rg7+ Kh8 36. Rh7+ Kg8 37. Rag7+ Kf8 38. Rh8+ Kxg7 39. Rxd8 Ra5 40. a3 Ra4 41. Kf2 Kf6 42. Ke2 Ke7 43. Rg8 Kf7 44. Rd8 Ke7 45. Rb8 d3+ 46. Kxd3 Rg4 47. b4 Rg3+ 48. Ke4 Rxa3 49. Rb7+ Kf6 50. Kf4 g5+ 51. Ke4 Ra2 52. Rb6+ Kf7 53. g3 g4 54. Kf4 Rf2+ 55. Kg5 Rf3 56. Kh4 Rb3 57. b5 Ke7 58. Rb8 Kd6 59. b6 Kc6 60. Rh8 Kxb6 61. Rxh5 Rb4 62. Rg5 Kc6 63. Rxg4 Rb1 64. Rd4 Kc5 65. Rd2 Rb8 66. g4 Rh8+ 67. Kg3 Rg8 68. Kf4 Rf8+ 69. Ke5 Rg8 70. Kf5 Rf8+ 71. Ke6 Rg8 72. Rg2 Kd4 73. g5 Ke4 74. g6 Kf3 75. Rg1 Kf2 76. Rg5 Kf3 77. Kf7 Rb8 78. g7 Kf4 79. g8=Q 1-0

[Event "December 5 Early 2023"]
[Site "https://www.chess.com"]
[Date "2023.12.05"]
[Round "6"]
[White "Neiksans, Arturs"]
[Black "Mamedov, Edgar"]
[Result "0-1"]
[Board "27"]
[TimeControl "180+1"]
[WhiteFideId "11601388"]
[BlackFideId "13739980"]
[WhiteElo "2895"]
[BlackElo "2731"]
[WhiteTeam "LAT"]
[BlackTeam "KAZ"]
[WhiteClock "0:00:14"]
[BlackClock "0:00:04"]

1. Nf3 d5 2. g3 c6 3. Bg2 Bg4 4. h3 Bxf3 5. exf3 e6 6. f4 g6 7. d3 Bg7 8. Nd2 Ne7 9. Nf3 c5 10. O-O Nbc6 11. Be3 Qd6 12. c3 O-O 13. Re1 d4 14. cxd4 Nxd4 15. Nxd4 Bxd4 16. Bxd4 Qxd4 17. Qb3 Rab8 18. Rac1 b6 19. Rc4 Qd7 20. Be4 Rbd8 21. Rd1 Nc8 22. d4 cxd4 23. Qd3 Qb5 24. Rxd4 Qxd3 25. R1xd3 Rxd4 26. Rxd4 Kg7 27. Rd7 Kf6 28. Kf1 a5 29. Bb7 Ne7 30. g4 Re8 31. Bf3 h6 32. Rb7 Nc8 33. h4 Rd8 34. Ke2 Rd6 35. Be4 Rd4 36. Ke3 Rxe4+ 37. Kf3 Rb4 38. b3 a4 39. bxa4 Rxa4 40. Rb8 Ne7 41. Rxb6 Rxa2 42. Rb7 Ra3+ 43. Kg2 Nd5 44. g5+ hxg5 45. fxg5+ Kg7 46. Kh2 Nf4 47. Rb4 Rh3+ 48. Kg1 Rxh4 49. Rb3 Rg4+ 50. Kf1 Rxg5 51. f3 Rd5 52. Kf2 g5 53. Rb4 Rd2+ 54. Ke3 Nd5+ 0-1

[Event "December 5 Early 2023"]
[Site "https://www.chess.com"]
[Date "2023.12.05"]
[Round "6"]
[White "Hua, Lefong"]
[Black "Sychev, Klementy"]
[Result "1/2-1/2"]
[Board "28"]
[TimeControl "180+1"]
[WhiteFideId "2602253"]
[BlackFideId "4114060"]
[WhiteElo "2714"]
[BlackElo "2895"]
[WhiteTeam "CAN"]
[BlackTeam "FID"]
[WhiteClock "0:00:15"]
[BlackClock "0:00:07"]

1. d4 Nf6 2. c4 g6 3. Nc3 Bg7 4. e4 O-O 5. f4 d6 6. Nf3 c5 7. d5 e6 8. Be2 exd5 9. cxd5 Qe7 10. Nd2 Ng4 11. Bxg4 Qh4+ 12. g3 Qxg4 13. Qxg4 Bxg4 14. Kf2 Na6 15. Nc4 Rfd8 16. h3 Bc8 17. a3 Nc7 18. a4 f5 19. e5 dxe5 20. d6 Ne8 21. Nxe5 Nxd6 22. Be3 b6 23. Rhd1 Bb7 24. a5 Rac8 25. axb6 axb6 26. Ra7 Ne4+ 27. Ke1 Rxd1+ 28. Kxd1 Nxc3+ 29. bxc3 Bg2 30. h4 Re8 31. Ra6 Bxe5 32. fxe5 Rxe5 33. Bf4 Bf3+ 34. Kd2 Re2+ 35. Kd3 Re6 36. Ra7 Be2+ 37. Kd2 Bc4 38. Rb7 Bd5 39. Rc7 Bc6 40. Bh6 Rd6+ 41. Kc2 Ba4+ 42. Kc1 Bd7 43. Kc2 Ba4+ 44. Kc1 Bd7 45. Kc2 Kf7 46. Bf4 Rd5 47. Rb7 Ke6 48. Rxb6+ Kf7 49. Rd6 Ba4+ 50. Kc1 Rxd6 51. Bxd6 c4 52. Kd2 Ke6 53. Bf4 Kd5 54. Ke3 Bc2 55. Bg5 Bd3 56. Bf4 Bb1 57. Bg5 Bc2 58. Bf4 Bb1 59. Bg5 Bc2 60. Bf4 Bb1 1/2-1/2

[Event "December 5 Early 2023"]
[Site "https://www.chess.com"]
[Date "2023.12.05"]
[Round "6"]
[White "Harutjunyan, Gevorg"]
[Black "Csonka, Balazs"]
[Result "1-0"]
[Board "29"]
[TimeControl "180+1"]
[WhiteFideId "13300873"]
[BlackFideId "742910"]
[WhiteElo "2890"]
[BlackElo "2708"]
[WhiteTeam "ARM"]
[BlackTeam "HUN"]
[WhiteClock "0:00:34"]
[BlackClock "0:00:07"]

1. e4 c6 2. d4 d5 3. e5 c5 4. dxc5 e6 5. Bd3 Bxc5 6. Nf3 Ne7 7. O-O a6 8. Nbd2 Nd7 9. c4 dxc4 10. Nxc4 O-O 11. Bxh7+ Kxh7 12. Ng5+ Kg6 13. Qg4 f5 14. Qg3 f4 15. Qg4 Qe8 16. Nxe6+ Kf7 17. Nc7 Nf6 18. Qxf4 Ng6 19. Qg3 Qc6 20. exf6 Ra7 21. Ne5+ Nxe5 22. Qxg7# 1-0

[Event "December 5 Early 2023"]
[Site "https://www.chess.com"]
[Date "2023.12.05"]
[Round "6"]
[White "Volkov, Maksim"]
[Black "Popov, Konstantin"]
[Result "0-1"]
[Board "30"]
[TimeControl "180+1"]
[WhiteFideId "54123070"]
[BlackFideId "34137910"]
[WhiteElo "2704"]
[BlackElo "2874"]
[WhiteTeam "RUS"]
[BlackTeam "FID"]
[WhiteClock "0:00:00"]
[BlackClock "0:00:04"]

1. d4 Nf6 2. c4 e6 3. g3 d5 4. Bg2 dxc4 5. Nf3 Bb4+ 6. Bd2 c5 7. Qc2 Nc6 8. dxc5 Bxc5 9. Qxc4 Qb6 10. O-O e5 11. Nc3 Be6 12. Qh4 Be7 13. Ng5 Bd7 14. Nd5 Nxd5 15. Bxd5 Nd8 16. Be3 Qg6 17. Be4 f5 18. Bf3 O-O 19. Bh5 Qh6 20. Rfd1 Be6 21. Nxe6 Qxe6 22. Qa4 Nc6 23. Bf3 e4 24. Bg2 Rfd8 25. h4 g6 26. Kh2 Ne5 27. Bh3 Bf6 28. Qb5 Nc4 29. Bf4 b6 30. Rac1 Rxd1 31. Rxd1 a6 32. Qb3 b5 33. Qc2 Rc8 34. Rc1 Bxb2 35. Rd1 Be5 36. Bxe5 Nxe5 37. Qd2 Nc6 38. Qf4 Rd8 39. Rc1 Rd7 40. h5 Kf7 41. h6 Qf6 42. Qe3 Ne7 43. Qc5 g5 44. a4 g4 45. Bg2 Qxh6+ 46. Kg1 Rd5 47. Qc2 bxa4 48. Rb1 Qc6 49. Qa2 Kg6 50. f3 Rb5 51. Rd1 Qb6+ 52. Kh2 Kg7 53. fxg4 fxg4 54. Bxe4 Rh5+ 55. Kg2 Qf6 56. Rd7 Re5 57. Qxa4 Qe6 58. Rd4 Nf5 59. Qd7+ Qxd7 60. Rxd7+ Kf6 61. Bxf5 Kxf5 62. Rxh7 Rxe2+ 63. Kf1 Ra2 64. Rh6 a5 65. Rb6 a4 66. Ra6 Ke4 67. Re6+ Kf3 0-1

[Event "December 5 Early 2023"]
[Site "https://www.chess.com"]
[Date "2023.12.05"]
[Round "6"]
[White "Kozlov, Gennady"]
[Black "Kuzubov, Yuriy"]
[Result "0-1"]
[Board "31"]
[TimeControl "180+1"]
[WhiteFideId "4191668"]
[BlackFideId "14112906"]
[WhiteElo "2580"]
[BlackElo "2865"]
[WhiteTeam "ESP"]
[BlackTeam "UKR"]
[WhiteClock "0:00:10"]
[BlackClock "0:00:08"]

1. d4 Nf6 2. c4 e6 3. Nf3 d5 4. Nc3 Nbd7 5. e3 Bd6 6. Bd3 dxc4 7. Bxc4 a6 8. a4 O-O 9. O-O e5 10. e4 exd4 11. Qxd4 Ng4 12. Bg5 Qe8 13. h3 Nge5 14. Nxe5 Qxe5 15. Qxe5 Nxe5 16. Bb3 Bc5 17. Rad1 Be6 18. Bd5 c6 19. Ba2 Bxa2 20. Nxa2 f6 21. Bf4 Rad8 22. b4 Ba7 23. Be3 Bxe3 24. fxe3 a5 25. Rd4 axb4 26. Rxb4 Rf7 27. Rfb1 Rd2 28. R1b2 Rd1+ 29. Kh2 Nd3 30. Rxb7 Nxb2 31. Rxb2 Ra7 32. Rb4 Rd3 33. Rc4 Rxe3 34. Nc3 Ra6 35. Kg1 Rd3 36. Kf2 Rd2+ 37. Kf3 Rc2 38. g4 Kf7 39. Ke3 Ke6 40. Kd4 Kd6 41. Kd3 Rb2 42. Rd4+ Kc7 43. Kc4 Ra5 44. Rd3 Re5 45. Rg3 Kb6 46. h4 Rc5+ 47. Kd4 Rb4+ 48. Kd3 Ka5 49. g5 Rb3 50. Kd4 Re5 51. gxf6 gxf6 52. Rg7 c5+ 53. Kd3 Kb4 54. Rb7+ Ka3 55. Rg7 Re6 56. Kc4 Reb6 57. Nb5+ Ka2 58. Nc3+ Kb2 59. Rg2+ Kc1 60. Kxc5 Rb8 61. Ne2+ Kd1 62. Nd4 Ra3 63. Rg7 Rxa4 64. Rd7 Ke1 65. Nf5 Rxe4 66. Ng3 Re5+ 67. Kd4 Rb4+ 68. Kc3 Rg4 0-1

[Event "December 5 Early 2023"]
[Site "https://www.chess.com"]
[Date "2023.12.05"]
[Round "6"]
[White "Xu, Yi"]
[Black "Tifferet, Shakked"]
[Result "1-0"]
[Board "32"]
[TimeControl "180+1"]
[WhiteFideId "8605564"]
[BlackFideId "2811529"]
[WhiteElo "2860"]
[BlackElo "2569"]
[WhiteTeam "CHN"]
[BlackTeam "ISR"]
[WhiteClock "0:00:12"]
[BlackClock "0:00:01"]

1. e4 c5 2. Nf3 d6 3. d4 cxd4 4. Nxd4 Nf6 5. Nc3 e5 6. Bb5+ Nbd7 7. Nf5 a6 8. Ba4 b5 9. Bb3 Nc5 10. Bg5 Nxb3 11. axb3 Bxf5 12. exf5 Be7 13. O-O O-O 14. Bxf6 Bxf6 15. Nd5 Bg5 16. Qd3 Re8 17. Qe4 Ra7 18. Rfd1 Qc8 19. c3 g6 20. fxg6 hxg6 21. h4 Bd8 22. Rd3 Qf5 23. Qxf5 gxf5 24. g3 a5 25. b4 Kg7 26. b3 Kg6 27. Rd2 f4 28. gxf4 e4 29. Rda2 a4 30. bxa4 Rxa4 31. Rxa4 bxa4 32. Rxa4 Bxh4 33. b5 Kf5 34. b6 Rb8 35. c4 Bd8 36. Rb4 Rb7 37. Kg2 Kg4 38. Rb3 Bh4 39. Kf1 Kf5 40. Ke2 Bd8 41. Ke3 Bh4 42. Rb1 Bd8 43. Rb5 Ke6 44. Kxe4 f5+ 45. Kf3 Be7 46. Ke3 Bd8 47. Kd4 Kd7 48. f3 Kc6 49. Rb1 Bxb6+ 50. Nxb6 Rxb6 51. Rxb6+ Kxb6 52. Kd5 Kc7 53. Ke6 Kc6 54. Kxf5 Kc5 55. Ke6 d5 56. cxd5 1-0

[Event "December 5 Early 2023"]
[Site "https://www.chess.com"]
[Date "2023.12.05"]
[Round "6"]
[White "Movsesian, Sergei"]
[Black "Kukreja Sankalp"]
[Result "1-0"]
[Board "33"]
[TimeControl "180+1"]
[WhiteFideId "310204"]
[BlackFideId "45027676"]
[WhiteElo "2851"]
[BlackElo "2490"]
[WhiteTeam "ARM"]
[BlackTeam "IND"]
[WhiteClock "0:00:24"]
[BlackClock "0:00:03"]

1. e4 c5 2. Nf3 g6 3. d4 cxd4 4. Nxd4 Bg7 5. Nc3 Nc6 6. Nde2 Nf6 7. g3 d6 8. Bg2 O-O 9. O-O a6 10. a4 Rb8 11. h3 b5 12. axb5 axb5 13. Re1 b4 14. Nd5 Bb7 15. Ra2 Nxd5 16. exd5 Ne5 17. b3 Qc7 18. Nd4 Rfe8 19. Kh2 Qc5 20. Be3 Qc3 21. Nb5 Qc8 22. Qd2 Nd7 23. Bh6 Bh8 24. Nd4 Nb6 25. Ra5 Qd7 26. Nc6 Rbc8 27. Ra7 Ra8 28. Rxa8 Bxa8 29. Nxb4 Qb5 30. c4 Qa5 31. Nc6 Qxd2 32. Bxd2 Bxc6 33. dxc6 Bd4 34. Be3 Bxe3 35. Rxe3 e5 36. b4 Nxc4 37. Rd3 Rb8 38. Bd5 Nb6 39. Bb3 Rd8 40. c7 Rd7 41. Rc3 Nc8 42. Bd5 Kf8 43. Bb7 Nb6 44. c8=Q+ Nxc8 45. Bxc8 Rd8 46. b5 d5 47. b6 Rd6 48. Rb3 1-0

[Event "December 5 Early 2023"]
[Site "https://www.chess.com"]
[Date "2023.12.05"]
[Round "6"]
[White "Krysa, Leandro"]
[Black "Bluebaum, Matthias"]
[Result "1-0"]
[Board "34"]
[TimeControl "180+1"]
[WhiteFideId "116807"]
[BlackFideId "24651516"]
[WhiteElo "2721"]
[BlackElo "3034"]
[WhiteTeam "ARG"]
[BlackTeam "GER"]
[WhiteClock "0:00:59"]
[BlackClock "0:01:18"]

1. e4 e6 2. d4 d5 3. exd5 exd5 4. c4 Bb4+ 5. Nc3 Ne7 6. Bd3 dxc4 7. Bxc4 O-O 8. Ne2 Nbc6 9. O-O h6 10. h3 Bf5 11. Bf4 Bd6 12. Qd2 Bh7 13. Rad1 a6 14. a3 Bxf4 15. Qxf4 Qd6 16. Qxd6 cxd6 17. Nd5 Nxd5 18. Bxd5 Rac8 19. Nc3 Rfe8 20. Rfe1 Bf5 21. g4 Bd7 22. Ne4 Ne7 23. Bxb7 Rb8 24. Nxd6 Red8 25. Rxe7 Ba4 26. b3 Bxb3 27. Rb1 Bd5 28. Rb6 Kf8 29. Rc7 g6 30. Bxd5 Rxb6 31. Rxf7+ Kg8 32. Rd7+ Kf8 33. Rf7+ Kg8 34. Rb7+ Kf8 35. Rxb6 Ke7 36. Rxa6 h5 37. gxh5 gxh5 38. Nf5+ Kf8 39. Rf6+ Ke8 40. Bc6+ Rd7 41. Bxd7+ Kxd7 42. a4 Kc8 43. Rf7 h4 44. a5 Kb8 45. a6 Ka8 46. d5 Kb8 47. Nd4 Ka8 48. Nb5 Kb8 49. Rb7+ Ka8 50. Nc7# 1-0

[Event "December 5 Early 2023"]
[Site "https://www.chess.com"]
[Date "2023.12.05"]
[Round "6"]
[White "Sarana, Alexey"]
[Black "Zou, Chen"]
[Result "1-0"]
[Board "35"]
[TimeControl "180+1"]
[WhiteFideId "24133795"]
[BlackFideId "8610959"]
[WhiteElo "2986"]
[BlackElo "2740"]
[WhiteTeam "SRB"]
[BlackTeam "CHN"]
[WhiteClock "0:00:34"]
[BlackClock "0:00:01"]

1. d4 Nf6 2. c4 e6 3. Nc3 Bb4 4. e3 O-O 5. Bd3 d5 6. a3 Be7 7. Nf3 dxc4 8. Bxc4 c5 9. O-O Nc6 10. dxc5 Bxc5 11. Qe2 a6 12. b4 Bd6 13. Rd1 Qc7 14. Bb2 Ne5 15. Nxe5 Bxe5 16. f4 Bxc3 17. Bxc3 b5 18. Bxf6 gxf6 19. Bd3 f5 20. Rac1 Qe7 21. e4 Qf6 22. Rc7 Rd8 23. e5 Qg7 24. Bc2 Qf8 25. h3 Rb8 26. Bb3 Rb7 27. Rc6 Rbd7 28. Rxd7 Rxd7 29. Kh2 Bb7 30. Rc3 Bd5 31. Rg3+ Kh8 32. Bxd5 Rxd5 33. Qh5 f6 34. exf6 Rd7 35. Re3 Rd6 36. Qg5 Qf7 37. Rc3 Rd8 38. Rg3 Rd7 39. Qh6 Rc7 40. Rg7 Qe8 41. Qxh7# 1-0

[Event "December 5 Early 2023"]
[Site "https://www.chess.com"]
[Date "2023.12.05"]
[Round "6"]
[White "Makhnev, Denis"]
[Black "Makarian, Rudik"]
[Result "0-1"]
[Board "36"]
[TimeControl "180+1"]
[WhiteFideId "13707647"]
[BlackFideId "44105681"]
[WhiteElo "2686"]
[BlackElo "2985"]
[WhiteTeam "KAZ"]
[BlackTeam "FID"]
[WhiteClock "0:00:00"]
[BlackClock "0:00:05"]

1. Nf3 Nf6 2. c4 e6 3. g3 d5 4. Bg2 dxc4 5. Qa4+ Bd7 6. Qxc4 c5 7. Ne5 Qc8 8. O-O Nc6 9. Nxd7 Qxd7 10. d3 Be7 11. Nc3 O-O 12. Qa4 Rac8 13. Bg5 Rfd8 14. Rfc1 b6 15. Rab1 Nd5 16. Bxe7 Qxe7 17. a3 Nd4 18. Qd1 a5 19. Nxd5 exd5 20. e3 Ne6 21. b4 cxb4 22. Rxc8 Rxc8 23. axb4 d4 24. bxa5 bxa5 25. exd4 Nxd4 26. Ra1 Qb4 27. Bd5 g6 28. Qa4 Rc1+ 29. Kg2 Rxa1 30. Qxa1 a4 31. Qa2 Nb3 32. Qe2 Kf8 33. Qe5 Qd4 34. Qb8+ Kg7 35. Bxb3 Qb2 36. d4 Qxb3 37. Qe5+ f6 38. Qe7+ Qf7 39. Qb4 Qa7 40. Qc5 Qb7+ 41. d5 Kf7 42. Qc4 Qd7 43. d6+ Kf8 44. Qb4 Ke8 45. h4 Qc6+ 46. Kh3 Kd7 47. Kh2 h5 48. Kg1 g5 49. hxg5 fxg5 50. Kh2 Qa6 51. Qa3 Qb5 52. Kg2 Qd5+ 53. Kg1 Qc4 54. Kg2 h4 55. gxh4 gxh4 56. Kh3 Qb3+ 0-1

[Event "December 5 Early 2023"]
[Site "https://www.chess.com"]
[Date "2023.12.05"]
[Round "6"]
[White "Novozhilov, Semen"]
[Black "Kamsky, Gata"]
[Result "0-1"]
[Board "37"]
[TimeControl "180+1"]
[WhiteFideId "24289167"]
[BlackFideId "2000024"]
[WhiteElo "2709"]
[BlackElo "2927"]
[WhiteTeam "RUS"]
[BlackTeam "USA"]
[WhiteClock "0:00:08"]
[BlackClock "0:00:14"]

1. d4 f5 2. c4 Nf6 3. Nc3 e6 4. Qc2 Bb4 5. e3 a5 6. Bd3 b6 7. Ne2 Bb7 8. f3 O-O 9. O-O Na6 10. a3 Be7 11. Bd2 g6 12. Rad1 Rf7 13. Be1 Bf8 14. Bg3 Nh5 15. Bf2 Bg7 16. Qb1 Qf8 17. Na2 c5 18. Nac3 Rb8 19. d5 e5 20. g4 fxg4 21. fxg4 Nf6 22. h3 d6 23. Bh4 Nc7 24. Ng3 Nce8 25. Nce4 Nxe4 26. Nxe4 Bh6 27. Qc1 Bc8 28. Rxf7 Qxf7 29. Rf1 Qc7 30. Qd2 Rb7 31. Qf2 Qf7 32. Qg3 Qc7 33. Bc2 Qb8 34. Qf3 b5 35. cxb5 Qa7 36. b6 Qxb6 37. Ba4 c4 38. g5 Bg7 39. Bxe8 Bf5 40. Bc6 Rb8 41. Nxd6 e4 42. Qf2 Qxb2 43. Nxf5 gxf5 44. d6 Qxa3 45. d7 Qc5 46. Qxf5 Qxc6 47. Qf7+ Kh8 48. Qe8+ Rxe8 0-1

[Event "December 5 Early 2023"]
[Site "https://www.chess.com"]
[Date "2023.12.05"]
[Round "6"]
[White "Goryachkina, Aleksandra"]
[Black "Movahed, Sina"]
[Result "0-1"]
[Board "38"]
[TimeControl "180+1"]
[WhiteFideId "4147103"]
[BlackFideId "42520835"]
[WhiteElo "2669"]
[BlackElo "2922"]
[WhiteTeam "FID"]
[BlackTeam "IRI"]
[WhiteClock "0:00:00"]
[BlackClock "0:00:24"]

1. e4 c5 2. Nf3 d6 3. Bb5+ Bd7 4. Bxd7+ Qxd7 5. O-O Nc6 6. Re1 Nf6 7. c3 e6 8. d4 cxd4 9. cxd4 d5 10. e5 Ne4 11. Nbd2 Nxd2 12. Bxd2 Be7 13. Rc1 O-O 14. Rc3 f5 15. exf6 Rxf6 16. Rd3 Bd6 17. Bg5 Rf5 18. Bh4 Raf8 19. Bg3 Bxg3 20. hxg3 h6 21. a3 a5 22. Qe2 R8f6 23. Re3 Kf7 24. Ne5+ Nxe5 25. dxe5 Rg6 26. Rc3 Kg8 27. Rec1 d4 28. Rc8+ Kh7 29. Qe4 h5 30. Rb8 d3 31. Rd1 d2 32. Rxb7 Qc8 33. Rb3 Rg4 34. Qe2 Qc2 35. Rd3 Qxb2 36. Qxd2 Qxe5 37. Re3 Qf6 38. Qe2 Rg6 39. Re1 Qd4 40. Re4 Qc5 41. Re5 Rxe5 42. Qxe5 Qxa3 43. Qxh5+ Rh6 44. Qg4 Qc3 45. Qe4+ Rg6 46. Qh4+ Rh6 47. Qe4+ Kg8 48. Rd1 Qc8 49. Qe5 Qc2 50. Re1 a4 51. Qb8+ Kh7 52. Qb4 Rh5 53. Qd4 a3 54. Qg4 Qf5 55. Qxf5+ Rxf5 56. Rxe6 Ra5 0-1

[Event "December 5 Early 2023"]
[Site "https://www.chess.com"]
[Date "2023.12.05"]
[Round "6"]
[White "Donchenko, Alexander"]
[Black "Shyam, Sundar M."]
[Result "1-0"]
[Board "39"]
[TimeControl "180+1"]
[WhiteFideId "24603295"]
[BlackFideId "5019141"]
[WhiteElo "2908"]
[BlackElo "2668"]
[WhiteTeam "GER"]
[BlackTeam "IND"]
[WhiteClock "0:00:45"]
[BlackClock "0:00:08"]

1. Nf3 d5 2. g3 g6 3. Bg2 Bg7 4. d4 c6 5. O-O Nf6 6. b3 O-O 7. Bb2 a5 8. c4 a4 9. cxd5 cxd5 10. bxa4 Ne4 11. Nfd2 Nxd2 12. Qxd2 Rxa4 13. e3 e6 14. Nc3 Ra6 15. Rfc1 Nc6 16. Bf1 Ra8 17. Nb5 Na5 18. Ba3 Bd7 19. Bxf8 Bxf8 20. Rab1 h5 21. Qc3 Bc6 22. Qc2 h4 23. Nc3 Bd6 24. Qd1 Qg5 25. Rb2 hxg3 26. hxg3 Kg7 27. Qf3 Ba3 28. Rcb1 Bxb2 29. Rxb2 Rh8 30. Bd3 Nc4 31. Rc2 Nd6 32. Ne2 Qh6 33. Nf4 Ne4 34. Kf1 g5 35. Ne2 f5 36. Ng1 g4 37. Qf4 Qxf4 38. gxf4 Rh2 39. Bxe4 fxe4 40. Ne2 Rh1+ 41. Kg2 Re1 42. Ng3 Kf6 43. Rc5 Ra1 44. Ra5 Rb1 45. Ra8 Bb5 46. Rf8+ Ke7 47. Rg8 Rb2 48. Rxg4 Rxa2 49. Rg7+ Kd6 50. Rxb7 Ba4 51. Ra7 Bb3 52. Rxa2 Bxa2 53. Kh3 Bb3 54. Kg4 Bd1+ 55. Kg5 Bf3 56. Kf6 Bd1 57. f5 exf5 58. Nxf5+ Kd7 59. Ke5 Bb3 60. Ng3 Ba2 61. Nh5 Bb3 62. Nf6+ Kc6 63. Ke6 Bd1 64. Ng8 Bg4+ 65. Ke5 Bf3 66. Ne7+ Kb5 67. Nxd5 Kc4 68. Nf6 Kc3 69. d5 1-0

[Event "December 5 Early 2023"]
[Site "https://www.chess.com"]
[Date "2023.12.05"]
[Round "6"]
[White "Baskakov, Egor"]
[Black "Prohaszka, Peter"]
[Result "0-1"]
[Board "40"]
[TimeControl "180+1"]
[WhiteFideId "24197866"]
[BlackFideId "726265"]
[WhiteElo "2897"]
[BlackElo "2664"]
[WhiteTeam "RUS"]
[BlackTeam "HUN"]
[WhiteClock "0:00:38"]
[BlackClock "0:00:09"]

1. e4 e5 2. Nc3 Nc6 3. g3 Nge7 4. Bg2 g6 5. Nge2 Bg7 6. d3 O-O 7. O-O d6 8. h3 f5 9. f4 fxe4 10. dxe4 Be6 11. Nd5 Qd7 12. Kh2 Rae8 13. c3 exf4 14. Nexf4 Bf7 15. Be3 Ne5 16. b3 Nxd5 17. Nxd5 Be6 18. Qd2 c6 19. Nf4 Bf7 20. Rad1 g5 21. Ne2 Bh5 22. g4 Nxg4+ 23. hxg4 Qxg4 24. Rxf8+ Rxf8 25. Qxd6 Qxe2 26. Bxg5 Qxd1 27. Qe6+ Kh8 28. e5 Qg4 29. Qe7 Re8 0-1